AoeStats
← p1K4 six/seven

Black Forest

509969431Analyzed
3v3 RM · 3d ago on Sep 28, 2026· 28m 29s· 6 players
Game mode
Random Map
Map size
Normal (6 player)
Population
200
Speed
Normal
Resources
Standard
Victory
Conquest
Starting age
Dark Age
Ending age
Imperial Age
RankedLock teamsTeams togetherTeam positionsShared explorationLock speedFull tech treeHidden civsTurbo modeCheats
Victory
Defeat
🇦🇷 Sicilians · Argentina
835
+7
🇦🇷 Danes · Argentina
770
+9
🇦🇷 Sicilians · Argentina
755
+11
🇦🇷 Bulgarians · Argentina
797
-15
🇩🇪 Italians · Germany
597
-8
🇵🇪 Persians · Peru
444
-4
oemerayan
0:28 Loom
12:24 Feudal Age
pavelinhos
14:07 Feudal Age
14:34 Horse Collar
18:49 Castle Age
19:38 Forging
20:19 Man-at-Arms
21:53 Heavy Plow
25:27 Stone Mining
25:42 Long Swordsman
26:16 Gold Mining
p1K4 six/seven
14:12 Feudal Age
15:37 Wheelbarrow
14:57 Gold Mining
16:06 Double-Bit Axe
wallaceAoE
0:29 Loom
22:54 Feudal Age
29:34 Castle Age
tobecrying
8:59 Loom
11:08 Feudal Age
12:10 Double-Bit Axe
13:03 Wheelbarrow
12:22 Horse Collar
12:32 Town Watch
14:14 Arson
14:51 Stone Mining
17:43 Fletching
18:43 Scale Mail Armor
22:23 Castle Age
23:49 Bodkin Arrow
26:16 Gold Mining
28:28 Ballistics
28:04 Murder Holes
29:12 Chain Mail Armor
gonzalez.anibal.javier
6:41 Loom
11:02 Feudal Age
12:51 Wheelbarrow
24:21 Forging
24:11 Scale Mail Armor
Connection lost

Rejoining the realm…

Still unreachable

The connection could not be restored.

Session expired

The server has moved on; the page needs a fresh start.